[Event "Titled Tuesday Blitz March 07 Late 2023"]
[White "Karas, Marek"]
[Black "mohsengabr2002"]
[WhiteFideId "14928558"]
[WhiteElo "2233"]
[BlackElo "2306"]
[Result "1-0"]
[Round "03"]
[TimeControl "180+2"]
[Date "2023.03.07"]
[WhiteClock "0:00:16"]
[BlackClock "0:00:40"]

1. c3 g6 2. d4 Bg7 3. Nf3 d6 4. Bg5 b6 5. e4 Bb7 6. Bd3 Nd7 7. Nbd2 c5 8. O-O Qc7 9. Qe2 f6 10. Bh4 e5 11. a4 Nh6 12. Bg3 Nf7 13. a5 O-O-O 14. axb6 axb6 15. Ba6 Nb8 16. Bxb7+ Qxb7 17. Ra2 Bh6 18. Rfa1 Bxd2 19. Nxd2 Rd7 20. Ra8 Kd8 21. Qb5 Ke7 22. Nc4 cxd4 23. cxd4 Qxe4 24. Nxb6 Qxd4 25. Rxb8 Rxb8 26. Qxd7+ Kf8 27. Na4 Rb4 28. h4 f5 29. Nc3 f4 30. Ra8+ Kg7 31. Ra7 Qc4 32. Rc7 Qb3 33. Bh2 Rd4 34. g4 Rd2 35. h5 f3 36. Bg3 gxh5 37. gxh5 h6 38. Qg4+ Kf8 39. Rc8+ Ke7 40. Bh4+ Ng5 41. Bxg5+ hxg5 42. Qxg5+ Ke6 43. Qg8+ Kf5 44. Qxb3 1-0


[Site "https://www.chess.com"]

[Event "Titled Tuesday Blitz March 07 Late 2023"]
[White "ritanovikova"]
[Black "Gasparyan, David"]
[BlackFideId "13311980"]
[WhiteElo "2131"]
[BlackElo "2431"]
[Result "0-1"]
[Round "03"]
[TimeControl "180+2"]
[Date "2023.03.07"]
[WhiteClock "0:00:26"]
[BlackClock "0:00:58"]

1. e4 d6 2. Nc3 e5 3. Nf3 Nc6 4. d4 exd4 5. Nxd4 Bd7 6. Bc4 Nf6 7. O-O Be7 8. Nf5 O-O 9. Nxe7+ Qxe7 10. Bg5 Qe5 11. Bxf6 Qxf6 12. Nd5 Qd8 13. c3 Kh8 14. Qh5 f5 15. f3 Ne5 16. Bb3 c6 17. Ne3 Qb6 18. Rfe1 f4 19. Kh1 fxe3 20. Bc2 Rf4 21. Qg5 Raf8 22. Bd1 h6 23. Qe7 Nd3 24. Re2 Bg4 25. Qxd6 Rd8 26. Qe7 Nf2+ 27. Rxf2 exf2 28. Be2 Bh5 29. a4 Rd2 30. Bc4 Rxf3 31. gxf3 Bxf3# 0-1


[Site "https://www.chess.com"]

[Event "Titled Tuesday Blitz March 07 Late 2023"]
[White "Chemin, Justo Reinaldo"]
[Black "Saya, Ethan"]
[WhiteFideId "2101580"]
[BlackFideId "26095181"]
[WhiteElo "1940"]
[BlackElo "2150"]
[Result "1/2-1/2"]
[Round "03"]
[TimeControl "180+2"]
[Date "2023.03.07"]
[WhiteClock "0:00:55"]
[BlackClock "0:01:57"]

1. e4 d5 2. exd5 Qxd5 3. Nc3 Qe5+ 4. Qe2 Qxe2+ 5. Bxe2 c6 6. Nf3 Bf5 7. Nd4 Bg6 8. d3 e5 9. Nb3 Nd7 10. O-O Ngf6 11. Re1 Bd6 12. a4 a5 13. Bf3 O-O 14. Bg5 Rfe8 15. Bh4 Bf5 16. Bg3 Bg4 17. Bxg4 Nxg4 18. Ne4 Bc7 19. Nec5 Nxc5 20. Nxc5 b6 21. Nb3 f6 22. h3 Nh6 23. Re2 Nf5 24. Rae1 Nxg3 25. fxg3 Rad8 26. g4 b5 27. axb5 cxb5 28. Nd2 Bb6+ 29. Kf1 a4 30. Ne4 Ra8 31. Nd6 Reb8 32. Nxb5 Ba5 33. c4 Bxe1 34. Rxe1 Ra5 35. Ra1 Rbxb5 36. cxb5 Rxb5 37. Rxa4 Rxb2 38. Ra7 h6 39. Rd7 Kh7 40. Kg1 Kg6 41. Kh2 Rd2 42. Rd5 Kg5 43. Kg3 Rd1 44. h4+ Kg6 45. Kf3 Rh1 46. g3 Rf1+ 47. Ke2 Rg1 48. Kf2 Rd1 49. Ke2 Rg1 50. Kf2 Rc1 51. Kf3 Kf7 52. Rd7+ Kf8 53. Ke4 Rf1 54. d4 exd4 55. Rxd4 Ke7 56. Ra4 Ke6 57. Ra6+ Kf7 58. h5 Rf2 59. Ra7+ Kg8 60. Rb7 Re2+ 61. Kf5 Re5+ 62. Kf4 Kh7 63. Rc7 Rb5 64. Rd7 Rb4+ 65. Kf3 Rb3+ 66. Kg2 Rb2+ 67. Kh3 Ra2 68. Re7 Rf2 69. Rd7 f5 70. gxf5 Rxf5 71. g4 Ra5 72. Rd6 Ra3+ 73. Kh4 Kg8 74. Rd7 Ra2 75. Rc7 Kf8 76. Rc8+ Ke7 77. Rc7+ Kf6 78. Rc6+ Kf7 79. Rc7+ Kg8 80. Rd7 Re2 81. Rd8+ Kf7 82. Rd7+ Re7 83. Rxe7+ Kxe7 84. g5 Ke6 85. Kg4 Ke5 86. gxh6 gxh6 87. Kh4 Kf4 88. Kh3 Kg5 89. Kh2 Kxh5 90. Kg2 Kg6 91. Kh2 h5 92. Kh3 Kh6 93. Kh2 Kg5 94. Kh3 h4 95. Kh2 Kh5 96. Kh3 Kg5 97. Kh2 Kg4 98. Kg2 Kf4 99. Kh2 Kg4 100. Kg2 h3+ 101. Kh2 Kh4 102. Kh1 Kg3 103. Kg1 Kf4 104. Kh2 Kg4 105. Kh1 Kg3 106. Kg1 Kf3 107. Kh2 Kg4 108. Kh1 Kg3 1/2-1/2


[Site "https://www.chess.com"]

[Event "Titled Tuesday Blitz March 07 Late 2023"]
[White "Meduri, Aakaash"]
[Black "Souza, Gustavo Horokoski De"]
[WhiteFideId "2032252"]
[BlackFideId "2146584"]
[WhiteElo "2113"]
[BlackElo "1859"]
[Result "1-0"]
[Round "03"]
[TimeControl "180+2"]
[Date "2023.03.07"]
[WhiteClock "0:01:59"]
[BlackClock "0:01:12"]

1. d4 Nf6 2. Bg5 e6 3. Nd2 d5 4. e3 Be7 5. Bd3 c5 6. c3 Nc6 7. Ngf3 O-O 8. O-O h6 9. Bh4 b6 10. Ne5 Nxe5 11. dxe5 Nd7 12. Bxe7 Qxe7 13. f4 c4 14. Bc2 Nc5 15. Qe2 Ba6 16. Rad1 Nd3 17. Bxd3 cxd3 18. Qg4 f5 19. exf6 Qxf6 20. e4 Rae8 21. e5 Qf5 22. Qf3 Kh7 23. g4 Qf7 24. Qe3 Rg8 25. h4 Qe7 26. Qg3 g5 27. hxg5 hxg5 28. f5 exf5 29. Rxf5 Rg6 30. Kg2 Rh6 31. Rdf1 Qc5 32. Rxg5 Re7 33. Qf4 Qc6 34. Qf5+ Rg6 35. Qf8 d4+ 36. Kg3 Rxg5 37. Qxe7+ Rg7 38. Rf7 Rxf7 39. Qxf7+ Kh8 40. cxd4 Qh1 41. Qh5+ Qxh5 42. gxh5 Kg7 43. Kf4 Kh6 44. d5 Kxh5 45. Kf5 Bc8+ 46. e6 Kh6 47. Kf6 1-0


[Site "https://www.chess.com"]

[Event "Titled Tuesday Blitz March 07 Late 2023"]
[White "Ramirez Vido, Robert Yorisan"]
[Black "Stead, Kerry"]
[WhiteFideId "3513823"]
[BlackFideId "3202577"]
[WhiteElo "2405"]
[BlackElo "1997"]
[Result "0-1"]
[Round "03"]
[TimeControl "180+2"]
[Date "2023.03.07"]
[WhiteClock "0:02:52"]
[BlackClock "0:01:35"]

1. Nf3 d5 2. g3 c5 3. Bg2 Nc6 4. O-O e5 5. d3 Be6 6. c3 f6 7. a3 Bd6 8. b4 cxb4 9. axb4 Nge7 10. e4 dxe4 11. dxe4 a6 12. Na3 O-O 13. b5 axb5 14. Nxb5 Rxa1 0-1


[Site "https://www.chess.com"]

[Event "Titled Tuesday Blitz March 07 Late 2023"]
[White "Vanek, Tomas"]
[Black "Dodaro, Mattia"]
[WhiteFideId "313459"]
[BlackFideId "28583400"]
[WhiteElo "2052"]
[BlackElo "2396"]
[Result "0-1"]
[Round "03"]
[TimeControl "180+2"]
[Date "2023.03.07"]
[WhiteClock "0:00:27"]
[BlackClock "0:01:40"]

1. d4 e5 2. d5 f5 3. e4 fxe4 4. Qh5+ Ke7 5. Qxe5+ Kf7 6. Qxe4 Nf6 7. Qd3 Bc5 8. Be2 Re8 9. Nh3 Qe7 10. Nc3 d6 11. Nf4 Bg4 12. O-O Bxe2 13. Ncxe2 Nbd7 14. Ng3 Ne5 15. Qd1 Kg8 16. Be3 Bxe3 17. fxe3 Neg4 18. e4 Ne3 19. Qd3 Nxf1 20. Rxf1 Qe5 21. c3 Nxe4 22. Nxe4 Qxe4 23. Qxe4 Rxe4 24. Ne6 c6 25. Ng5 Re2 26. dxc6 bxc6 27. Rf2 Rae8 28. Nf3 d5 29. h3 a5 30. Nd4 Rxf2 31. Kxf2 c5 32. Nb3 c4 33. Nxa5 Ra8 34. Nc6 Rxa2 35. Ne7+ Kf7 36. Nxd5 Rxb2+ 37. Kf3 Rc2 38. g4 Ke6 39. Nf4+ Kd6 40. Ne2 Ke5 41. h4 Rxe2 42. Kxe2 Ke4 43. g5 g6 44. Kd2 Kf3 45. Kd1 Kg4 46. Ke2 Kxh4 47. Ke3 Kxg5 48. Kd4 h5 49. Kxc4 h4 50. Kd3 h3 51. Ke3 h2 52. Kf2 h1=Q 53. Kg3 Qf1 0-1


[Site "https://www.chess.com"]

[Event "Titled Tuesday Blitz March 07 Late 2023"]
[White "Rostomyan, Mikayel"]
[Black "Clarke, Brandon G I"]
[WhiteFideId "13313754"]
[BlackFideId "400319"]
[WhiteElo "2009"]
[BlackElo "2414"]
[Result "0-1"]
[Round "03"]
[TimeControl "180+2"]
[Date "2023.03.07"]
[WhiteClock "0:00:05"]
[BlackClock "0:00:21"]

1. e4 c5 2. Nf3 d6 3. d4 cxd4 4. Nxd4 Nf6 5. Nc3 a6 6. f3 e5 7. Nb3 Be6 8. Be3 Be7 9. Qd2 O-O 10. O-O-O Qc7 11. g4 Rc8 12. Kb1 d5 13. exd5 Nxd5 14. Nxd5 Bxd5 15. Be2 a5 16. Qxd5 Qxc2+ 17. Ka1 Qxe2 18. Qxb7 Nc6 19. Rhe1 Qxf3 20. Rc1 a4 21. Nd2 Qxg4 22. Rxc6 Rxc6 23. Qxc6 Rc8 24. Qe4 Qd7 25. Nc4 Qe6 26. Rc1 a3 27. b3 f5 28. Qb7 f4 29. Bf2 Bf6 30. Qe4 Qd7 31. Kb1 Rd8 32. Nxa3 Qd2 33. Rc2 Qd1+ 34. Kb2 Qf1 35. Qc4+ Qxc4 36. Nxc4 e4+ 37. Kc1 e3 38. Bxe3 fxe3 39. Nxe3 Rd3 40. Nc4 Kf7 41. a4 Rxb3 42. Kd2 Ke6 43. Ke2 Kd5 44. Ne3+ Ke4 45. Rc4+ Ke5 46. Rc5+ Kd6 47. Rd5+ Ke6 48. Rd3 Rb2+ 49. Kf3 Ra2 50. Nc4 Rxa4 51. Re3+ Kf7 52. Nd6+ Kg6 53. Kg2 Ra2+ 54. Kg3 h5 55. Ne4 Be5+ 56. Kf3 Rxh2 57. Nc5 Rh3+ 58. Ke2 Rxe3+ 59. Kxe3 Kf5 60. Ne4 g5 61. Nf2 g4 62. Ne4 Bf4+ 63. Kd3 0-1


[Site "https://www.chess.com"]

[Event "Titled Tuesday Blitz March 07 Late 2023"]
[White "Maranhao,Jose Renato Ruiz"]
[Black "Aggelis, Nikolaos"]
[WhiteFideId "2135175"]
[BlackFideId "4213220"]
[WhiteElo "1970"]
[BlackElo "2189"]
[Result "0-1"]
[Round "03"]
[TimeControl "180+2"]
[Date "2023.03.07"]
[WhiteClock "0:00:01"]
[BlackClock "0:01:12"]

1. g3 c6 2. Bg2 d5 3. b3 Nf6 4. Bb2 Nbd7 5. d3 e5 6. Nd2 Bd6 7. Nh3 O-O 8. O-O Re8 9. f3 a5 10. a3 a4 11. b4 c5 12. bxc5 Nxc5 13. Rb1 d4 14. Nc4 Nd5 15. f4 Bxh3 16. Bxd5 Bxf1 17. Qxf1 exf4 18. Bxd4 Ne6 19. Qf2 fxg3 20. hxg3 Bxg3 21. Qxg3 Qxd5 22. Be3 b5 23. Nb6 Qh5 24. Nd7 Kh8 25. Kf2 Rad8 26. Ne5 Ng5 27. Rh1 Nh3+ 28. Rxh3 Qxe5 29. Qh4 Qf5+ 30. Bf4 Rd4 31. e4 Qg6 32. Rg3 Qf6 33. Ke3 Qxh4 0-1


[Site "https://www.chess.com"]

[Event "Titled Tuesday Blitz March 07 Late 2023"]
[White "Lewtak, Damian"]
[Black "Einarsson, Halldor Gretar"]
[WhiteFideId "1141724"]
[BlackFideId "2300150"]
[WhiteElo "2302"]
[BlackElo "2142"]
[Result "1-0"]
[Round "03"]
[TimeControl "180+2"]
[Date "2023.03.07"]
[WhiteClock "0:00:06"]
[BlackClock "0:00:01"]

1. c4 c5 2. Nc3 Nc6 3. g3 g6 4. Bg2 Bg7 5. d3 e6 6. e4 Nge7 7. Nge2 O-O 8. Be3 Nd4 9. O-O Nec6 10. Qc1 Nb4 11. Bxd4 cxd4 12. Nb5 Nxd3 13. Qd2 Ne5 14. Rac1 d5 15. cxd5 exd5 16. Nc7 Nc4 17. Rxc4 dxc4 18. Nxa8 Be6 19. Nf4 Qxa8 20. Nxe6 fxe6 21. e5 Bxe5 22. Qe2 Qb8 23. Qxc4 Re8 24. Bh3 Qd6 25. Re1 Kf7 26. Qd3 Rd8 27. Qe4 Bf6 28. Bxe6+ Kg7 29. Qxb7+ Kh6 30. Bg4 d3 31. Rd1 d2 32. Kg2 Re8 33. Qd7 Qxd7 34. Bxd7 Re1 35. Rxd2 Re7 36. Bg4 Bg5 37. f4 Bf6 38. Bf3 Bg7 39. h4 Bf6 40. Rc2 Kg7 41. b4 Re3 42. b5 Ra3 43. Bd5 Be7 44. Bb3 Kf6 45. Rc6+ Kg7 46. Kf3 Kf8 47. g4 Ra5 48. a4 a6 49. b6 1-0


[Site "https://www.chess.com"]

[Event "Titled Tuesday Blitz March 07 Late 2023"]
[White "Botez, Alexandra"]
[Black "Averjanov, Alexey"]
[WhiteFideId "2603365"]
[BlackFideId "14109867"]
[WhiteElo "2059"]
[BlackElo "2591"]
[Result "0-1"]
[Round "03"]
[TimeControl "180+2"]
[Date "2023.03.07"]
[WhiteClock "0:00:22"]
[BlackClock "0:00:18"]

1. d4 d5 2. c4 dxc4 3. Nc3 a6 4. a4 Nc6 5. e3 Na5 6. Nf3 Nf6 7. Ne5 Be6 8. Be2 g6 9. O-O Bg7 10. Bf3 c5 11. d5 Nxd5 12. Bxd5 Bxd5 13. f4 Be6 14. Qe2 O-O 15. e4 Nb3 16. Rb1 Nd4 17. Qf2 Qc7 18. Nf3 Rad8 19. Be3 b5 20. axb5 axb5 21. Bxd4 cxd4 22. Nxb5 Qxf4 23. Rbd1 d3 24. Rfe1 Bg4 25. h3 Bxf3 26. Qxf3 Qxf3 27. gxf3 Bxb2 28. Nc7 c3 29. Nd5 Rxd5 30. exd5 c2 31. Rxd3 c1=Q 32. Rxc1 Bxc1 33. Kf2 Bf4 34. Rd4 Bd6 35. Rc4 Kg7 36. Ke3 Rb8 37. Rc3 Rb1 38. f4 Rh1 39. Ke4 Rf1 40. f5 Rxf5 41. Rb3 Re5+ 42. Kd4 Rh5 43. Rf3 f5 44. Kc4 Kf6 45. Kd4 Rh4+ 46. Kd3 g5 47. Re3 h5 48. Re6+ Kf7 49. Re3 g4 50. hxg4 hxg4 51. Re1 f4 52. Ke2 Rh2+ 53. Kf1 g3 54. Kg1 f3 55. Rf1 f2+ 56. Rxf2+ Rxf2 57. Kh1 Kf6 58. Kg1 Kg5 59. Kh1 Kg4 60. Kg1 Kh3 61. Kh1 Rf1# 0-1


[Site "https://www.chess.com"]

[Event "Titled Tuesday Blitz March 07 Late 2023"]
[White "Janaszak, Dawid"]
[Black "Abrosimov, Vladimir"]
[WhiteFideId "1119206"]
[BlackFideId "4166892"]
[WhiteElo "2220"]
[BlackElo "2336"]
[Result "1-0"]
[Round "03"]
[TimeControl "180+2"]
[Date "2023.03.07"]
[WhiteClock "0:01:35"]
[BlackClock "0:00:24"]

1. e4 c5 2. b4 cxb4 3. Bb2 e6 4. Nf3 Nc6 5. d4 d5 6. exd5 Qxd5 7. c4 bxc3 8. Nxc3 Bb4 9. Bd3 Nf6 10. O-O Qd8 11. d5 Bxc3 12. Bxc3 Qxd5 13. Qe2 O-O 14. Ne5 Nxe5 15. Bxe5 Bd7 16. Rad1 Qa5 17. Qb2 Ne8 18. Rfe1 Bc6 19. Re3 f6 20. Bc3 Qb6 21. Qc2 g6 22. Rg3 f5 23. Rb1 Qc7 24. Ba1 Bd5 25. Qb2 Qg7 26. Qa3 Qf7 27. h4 Nf6 28. Qb2 Rae8 29. h5 e5 30. hxg6 hxg6 31. Bxf5 1-0


[Site "https://www.chess.com"]

[Event "Titled Tuesday Blitz March 07 Late 2023"]
[White "Wartiovaara, Oliver"]
[Black "Smith, Garrett L"]
[WhiteFideId "513024"]
[BlackFideId "2024829"]
[WhiteElo "2214"]
[BlackElo "2271"]
[Result "1-0"]
[Round "03"]
[TimeControl "180+2"]
[Date "2023.03.07"]
[WhiteClock "0:00:06"]
[BlackClock "0:00:01"]

1. d4 Nf6 2. Nf3 g6 3. Nbd2 d5 4. b4 e6 5. Rb1 Ne4 6. Nxe4 dxe4 7. Ne5 f6 8. Nc4 Nc6 9. c3 Bg7 10. g3 O-O 11. Bg2 f5 12. O-O Ne7 13. Qc2 Nd5 14. f3 exf3 15. Rxf3 c6 16. Rd3 b6 17. e4 fxe4 18. Bxe4 Ba6 19. Qb3 Qc7 20. Rd1 Rad8 21. Bg5 Rd7 22. a4 Rff7 23. Nb2 Kh8 24. b5 cxb5 25. axb5 Bb7 26. c4 Nc3 27. Bxb7 Nxb1 28. Bc6 Bxd4+ 29. Kg2 Rf2+ 30. Kh3 Qe5 31. Nd3 Qf5+ 32. g4 Qxg5 33. Nxf2 Qh6+ 34. Kg2 Qf4 35. Qf3 1-0


[Site "https://www.chess.com"]

[Event "Titled Tuesday Blitz March 07 Late 2023"]
[White "Herbst, Richard"]
[Black "Erzhanov, Arman"]
[WhiteFideId "2041251"]
[BlackFideId "4138821"]
[WhiteElo "2141"]
[BlackElo "2138"]
[Result "1-0"]
[Round "03"]
[TimeControl "180+2"]
[Date "2023.03.07"]
[WhiteClock "0:00:30"]
[BlackClock "0:00:14"]

1. e4 d6 2. d4 Nf6 3. Nc3 e5 4. Nf3 Nbd7 5. Bc4 Be7 6. O-O O-O 7. a4 a5 8. Re1 c6 9. h3 Nb6 10. Bf1 exd4 11. Nxd4 d5 12. e5 Ne8 13. f4 g6 14. Kh1 Ng7 15. g4 Bh4 16. Re2 Nd7 17. Rg2 Nc5 18. f5 Re8 19. Bf4 Bg5 20. Qf3 Bxf4 21. Qxf4 Qh4 22. Nf3 Qd8 23. Re1 Ne4 24. Nxe4 dxe4 25. Rxe4 Qd1 26. Re1 Qd5 27. Bc4 Qd7 28. f6 Ne6 29. Qh6 b5 30. Bxe6 fxe6 31. Ng5 Rf8 32. Rd2 Qb7 33. f7+ Rxf7 34. Rd8+ 1-0


[Site "https://www.chess.com"]

[Event "Titled Tuesday Blitz March 07 Late 2023"]
[White "Ronka, Erik"]
[Black "Prieto Aranguren, Alain"]
[WhiteFideId "505080"]
[BlackFideId "2268906"]
[WhiteElo "2264"]
[BlackElo "2209"]
[Result "0-1"]
[Round "03"]
[TimeControl "180+2"]
[Date "2023.03.07"]
[WhiteClock "0:00:06"]
[BlackClock "0:00:54"]

1. e4 c6 2. Nf3 d5 3. Nc3 Bg4 4. h3 Bh5 5. exd5 cxd5 6. g4 Bg6 7. Bb5+ Nc6 8. Ne5 Rc8 9. d4 e6 10. Qe2 Bb4 11. h4 Ne7 12. h5 Be4 13. f3 O-O 14. Nxc6 Nxc6 15. Be3 e5 16. Bxc6 Rxc6 17. fxe4 Rxc3 18. bxc3 Bxc3+ 19. Kf2 exd4 20. Bf4 Bxa1 21. Rxa1 d3 22. Qe3 dxe4 23. cxd3 exd3 24. Rd1 Re8 25. Rxd3 Qh4+ 26. Bg3 Qf6+ 27. Qf4 Qb2+ 28. Rd2 Qb6+ 29. Kg2 h6 30. Rd7 Qe6 31. Rxb7 Qxa2+ 32. Kh3 a5 33. Ra7 Qd5 34. Rc7 a4 35. Qc4 Qh1+ 36. Bh2 Re3+ 37. Kh4 Qxh2# 0-1


[Site "https://www.chess.com"]

[Event "Titled Tuesday Blitz March 07 Late 2023"]
[White "Schut, Han"]
[Black "Womacka, Mathias"]
[WhiteFideId "1005561"]
[BlackFideId "4611390"]
[WhiteElo "2024"]
[BlackElo "2377"]
[Result "0-1"]
[Round "03"]
[TimeControl "180+2"]
[Date "2023.03.07"]
[WhiteClock "0:02:27"]
[BlackClock "0:02:43"]

1. e4 c5 2. Nf3 d6 3. d4 cxd4 4. Nxd4 Nf6 5. f3 e6 6. c4 Be7 7. Nc3 O-O 8. Be3 Nbd7 9. Be2 d5 10. cxd5 exd5 11. exd5 Nb6 12. O-O Nbxd5 13. Nxd5 Nxd5 14. Bf2 Nf4 15. Bc4 Bc5 16. Qd2 Qg5 0-1


[Site "https://www.chess.com"]

[Event "Titled Tuesday Blitz March 07 Late 2023"]
[White "Kohler, Aran"]
[Black "Przybylski, Wojciech"]
[WhiteFideId "1002856"]
[BlackFideId "1117599"]
[WhiteElo "2246"]
[BlackElo "2222"]
[Result "0-1"]
[Round "03"]
[TimeControl "180+2"]
[Date "2023.03.07"]
[WhiteClock "0:00:12"]
[BlackClock "0:00:09"]

1. e4 c5 2. Nc3 e5 3. Bc4 Nf6 4. d3 a6 5. a4 Be7 6. f4 d6 7. Nf3 Nbd7 8. f5 Nb6 9. Ba2 Bd7 10. a5 Nc8 11. g4 h6 12. Rg1 Nh7 13. Be3 Ng5 14. Nxg5 Bxg5 15. Qe2 Bxe3 16. Qxe3 Qh4+ 17. Rg3 Ne7 18. O-O-O Qg5 19. Nd5 Nxd5 20. Bxd5 Rb8 21. Kb1 Qxe3 22. Rxe3 b6 23. axb6 Rxb6 24. h4 Ke7 25. Rg3 Rhb8 26. b3 Bc6 27. Bc4 Bb5 28. g5 Bxc4 29. dxc4 hxg5 30. hxg5 Rh8 31. f6+ gxf6 32. gxf6+ Kxf6 33. Rf1+ Ke7 34. Rg7 Rf8 35. Kb2 Ke6 36. Rh1 a5 37. Ka3 a4 38. Rh6+ Ke7 39. bxa4 Rb4 40. c3 Rxc4 41. Kb3 Rxe4 42. Rh2 Rb8+ 43. Ka3 Re1 44. Ka2 Re4 45. Ka3 Re3 46. Rc2 c4 47. a5 Rb3+ 48. Ka4 Re1 49. Ra2 Reb1 50. a6 Rb6 51. Ka5 R1b5+ 52. Ka4 Rxa6+ 53. Kxb5 Rxa2 54. Kxc4 Rd2 55. Rg1 Ke6 56. Re1 f5 57. Rh1 e4 58. Rh6+ Ke5 59. Rh8 d5+ 60. Kc5 Rd3 61. Re8+ Kf4 62. Kb4 Ke3 63. c4 dxc4 64. Kxc4 f4 65. Rh8 f3 0-1


[Site "https://www.chess.com"]

[Event "Titled Tuesday Blitz March 07 Late 2023"]
[White "Pasti, Aron"]
[Black "Floresvillar Gonzalez, Luis Migu"]
[WhiteFideId "785857"]
[BlackFideId "5100542"]
[WhiteElo "2173"]
[BlackElo "2040"]
[Result "0-1"]
[Round "03"]
[TimeControl "180+2"]
[Date "2023.03.07"]
[WhiteClock "0:00:23"]
[BlackClock "0:00:25"]

1. e4 c6 2. d4 d5 3. exd5 cxd5 4. Nf3 Nc6 5. c3 Nf6 6. Bd3 g6 7. Bf4 Bg7 8. O-O O-O 9. Nbd2 Bg4 10. h3 Bxf3 11. Nxf3 Ne4 12. Re1 f5 13. Ng5 Qd7 14. f3 Nxg5 15. Bxg5 e6 16. Bf4 a6 17. Qe2 Rfe8 18. Qe3 b5 19. a4 Kf7 20. axb5 axb5 21. Bxb5 Rxa1 22. Rxa1 Qb7 23. Bxc6 Qxc6 24. Ra7+ Re7 25. Rxe7+ Kxe7 26. Be5 Bxe5 27. Qxe5 Kf7 28. Kf2 Qb6 29. b4 Qc6 30. Qh8 Qxc3 31. Qxh7+ Kf6 32. Qh4+ Kf7 33. b5 Qb2+ 34. Kg3 Qxb5 35. Kf4 Qb8+ 36. Ke3 Qb3+ 37. Kf2 Qb2+ 38. Kg3 Qd2 39. Qh7+ Kf6 40. Qh4+ Kf7 41. Qf4 Qc3 42. Kh4 Qe1+ 43. Kg5 Qa5 44. Kh6 Qd8 45. g4 Qh8+ 46. Kg5 Qxh3 47. Qc7+ Kf8 48. Kxg6 Ke8 49. Kf6 Qh6+ 50. Ke5 fxg4 51. fxg4 Qh2+ 52. Kxe6 Qxc7 53. Kxd5 Qd7+ 54. Ke5 Qxg4 55. d5 Kd7 0-1


[Site "https://www.chess.com"]

[Event "Titled Tuesday Blitz March 07 Late 2023"]
[White "olga-belka"]
[Black "Cheng, Xiao"]
[BlackFideId "2022915"]
[WhiteElo "2226"]
[BlackElo "2435"]
[Result "0-1"]
[Round "03"]
[TimeControl "180+2"]
[Date "2023.03.07"]
[WhiteClock "0:00:01"]
[BlackClock "0:01:32"]

1. e4 c5 2. Nf3 e6 3. c3 Nf6 4. e5 Nd5 5. d4 cxd4 6. Bc4 Nb6 7. Bb3 d5 8. cxd4 Nc6 9. O-O Be7 10. Qe2 O-O 11. Nbd2 Bd7 12. Re1 Rc8 13. Nf1 a6 14. g3 Nb4 15. a3 Bb5 16. Qd2 Nd3 17. Re3 Nxc1 18. Rxc1 Rxc1 19. Qxc1 Qd7 20. Rc3 Bc4 21. Ne3 Bxb3 22. Rxb3 Rc8 23. Rc3 Rc6 24. h4 Qc8 25. Nd2 Rxc3 26. bxc3 Na4 27. Nb1 b5 28. Kf1 f6 29. f4 Qc6 30. Kg2 a5 31. Qc2 Nb6 32. h5 fxe5 33. fxe5 Bg5 34. Qf2 Qe8 35. g4 Qe7 36. Kh3 Bxe3 37. Qxe3 Nc4 38. Qf2 Nxa3 39. Nd2 Nc4 40. Nb3 a4 41. Nc5 a3 42. Qc2 Qg5 43. Nxe6 Qe3+ 0-1


[Site "https://www.chess.com"]

[Event "Titled Tuesday Blitz March 07 Late 2023"]
[White "Pino Perez, Lazaro"]
[Black "Rodriguez Santiago, Jaime"]
[WhiteFideId "3517055"]
[BlackFideId "3100898"]
[WhiteElo "2170"]
[BlackElo "2025"]
[Result "0-1"]
[Round "03"]
[TimeControl "180+2"]
[Date "2023.03.07"]
[WhiteClock "0:00:02"]
[BlackClock "0:00:19"]

1. d4 Nf6 2. Bf4 d5 3. e3 c5 4. Nf3 Nc6 5. Nbd2 e6 6. c3 cxd4 7. exd4 Nh5 8. Be3 Be7 9. Ne5 Nf6 10. f4 Qb6 11. Rb1 Nxe5 12. fxe5 Nd7 13. Nf3 f6 14. exf6 Bxf6 15. Bd3 e5 16. Bc2 e4 17. Nd2 O-O 18. O-O Ne5 19. dxe5 Qxe3+ 20. Kh1 Bxe5 21. Rxf8+ Kxf8 22. Qh5 Bf6 23. Qxd5 Qg5 24. Qd6+ Be7 25. Rf1+ Ke8 26. Ba4+ b5 27. Qc6+ Kd8 28. Qxa8 bxa4 29. Nxe4 Qe5 30. Rd1+ Kc7 31. Qxa7+ Bb7 0-1


[Site "https://www.chess.com"]

[Event "Titled Tuesday Blitz March 07 Late 2023"]
[White "Bouget, Alexandre"]
[Black "Wang, Alexander J"]
[WhiteFideId "681318"]
[BlackFideId "30955270"]
[WhiteElo "2177"]
[BlackElo "2217"]
[Result "1-0"]
[Round "03"]
[TimeControl "180+2"]
[Date "2023.03.07"]
[WhiteClock "0:01:34"]
[BlackClock "0:01:36"]

1. d4 d5 2. e4 e6 3. c4 c5 4. cxd5 exd5 5. dxc5 dxe4 6. Qxd8+ Kxd8 7. Be3 Nc6 8. Nc3 Nf6 9. O-O-O+ Ke8 10. Nb5 Rb8 11. Bf4 Bg4 12. f3 exf3 13. gxf3 Bxc5 14. Bxb8 Be3+ 15. Kb1 Bf5+ 16. Bd3 1-0


[Site "https://www.chess.com"]

[Event "Titled Tuesday Blitz March 07 Late 2023"]
[White "sissahungrychess"]
[Black "Leonte, Sebastian-Marian"]
[BlackFideId "1268767"]
[WhiteElo "2386"]
[BlackElo "2286"]
[Result "0-1"]
[Round "03"]
[TimeControl "180+2"]
[Date "2023.03.07"]
[WhiteClock "0:00:11"]
[BlackClock "0:00:13"]

1. d4 Nf6 2. Nf3 e6 3. g3 b5 4. Bg2 Bb7 5. O-O c5 6. c3 d6 7. Re1 Qb6 8. Nbd2 Be7 9. e4 cxd4 10. Nxd4 O-O 11. Qe2 Nbd7 12. Qxb5 Qc7 13. Qe2 Nc5 14. b4 Na4 15. c4 Rfe8 16. Qd1 Nb6 17. Qb3 Rac8 18. Nb5 Qb8 19. Bb2 a6 20. Nd4 Qa8 21. Rac1 Nfd7 22. a4 a5 23. c5 dxc5 24. bxc5 Bxc5 25. Rxc5 Rxc5 26. Nb5 Rb8 27. Bd4 Rc6 28. Rb1 Nc5 29. Qa3 Nbxa4 30. Nc4 Rcc8 31. Bxc5 Nxc5 32. Nb6 Qa6 33. Nxc8 Rxc8 34. Nd4 Bxe4 35. Rc1 Bxg2 36. Kxg2 Qa8+ 37. Kg1 Ne4 38. Ne2 Rxc1+ 39. Nxc1 Nf6 40. Nd3 h6 41. Ne5 Nd5 42. Nc4 a4 43. Nb2 Nb6 44. h4 Qa7 45. Qc5 a3 46. Nc4 a2 47. Nxb6 a1=Q+ 48. Kh2 Qf6 49. Qc8+ Kh7 50. Qc2+ Qg6 0-1


[Site "https://www.chess.com"]

[Event "Titled Tuesday Blitz March 07 Late 2023"]
[White "Antonova, Nadezhda"]
[Black "Senft, Sean"]
[WhiteFideId "14700182"]
[BlackFideId "2044960"]
[WhiteElo "1885"]
[BlackElo "1989"]
[Result "0-1"]
[Round "03"]
[TimeControl "180+2"]
[Date "2023.03.07"]
[WhiteClock "0:00:09"]
[BlackClock "0:00:08"]

1. Nf3 d5 2. b3 c5 3. Bb2 Nc6 4. e3 Nf6 5. Bb5 e6 6. Ne5 Bd7 7. Bxc6 Bxc6 8. O-O Bd6 9. f4 O-O 10. d3 Rc8 11. Nd2 b5 12. Nxc6 Rxc6 13. c4 bxc4 14. bxc4 Qc7 15. Bxf6 gxf6 16. f5 Bxh2+ 17. Kh1 Be5 18. Rb1 Kh8 19. Qh5 Rg8 20. Rf3 Rg5 21. Qh6 Rg7 22. Rh3 Rb6 23. Rf1 Rb2 24. Nf3 exf5 25. d4 cxd4 26. exd4 Bf4 27. Qxf6 Qd6 28. Qxf5 Qg6 29. Nh4 Qxf5 30. Nxf5 Rg4 31. cxd5 Bc7 32. d6 Bd8 33. Re3 Rg8 34. d7 Rb7 35. Nh6 Rf8 36. Nxf7+ Kg7 37. Nxd8 Rxf1+ 38. Kh2 Rxd7 39. Ne6+ Kf6 40. Nf8 Rxd4 41. Nxh7+ Kg6 42. Nf8+ Kf7 43. Nh7 Rh4+ 44. Kg3 Rxh7 45. Ra3 Kg6 46. Ra6+ Rf6 47. Ra5 Rhf7 48. Kg4 Rf5 49. Ra6+ R5f6 50. Ra5 Rf4+ 51. Kg3 Rb4 52. a3 Rb3+ 53. Kh2 Rb2 54. Kg3 Rc7 55. Ra6+ Rb6 56. Ra5 Rc3+ 57. Kf4 Rf6+ 58. Ke4 a6 59. g4 Rc2 60. a4 Rcf2 61. Ke3 R2f3+ 62. Ke2 R3f4 63. g5 Re6+ 64. Kd2 Rf5 0-1


[Site "https://www.chess.com"]